 Dungeon Crawl Stone Soup version 0.17-a0-1515-gfae3d72 (webtiles) character file.

10860 amnekian the Spear-Bearer (level 11, -6/81 HPs)
             Began as a Merfolk Gladiator on July 12, 2015.
             Was a Priest of Fedhas.
             Killed from afar by a wretched star (23 damage)
             ... with an orb of energy
             ... on level 1 of the Abyss.
             The game lasted 01:26:45 (15118 turns).

amnekian the Spear-Bearer (Merfolk Gladiator)      Turns: 15118, Time: 01:26:46

Health: -6/81      AC:  7    Str: 15    XL:     11   Next: 68%
Magic:  14/14      EV: 21    Int:  8    God:    Fedhas [***...]
Gold:   536        SH:  0    Dex: 21    Spells: 0 memorised, 10 levels left

rFire  . . .     SeeInvis .     d - +1 halberd (vamp)
rCold  . . .     Clarity  .     Y - +0 ring mail
rNeg   + . .     SustAt   .     (no shield)
rPois  .         Gourm    .     c - +0 helmet
rElec  .         Spirit   .     (no cloak)
rCorr  .         Warding  +     W - +1 pair of gloves
rMut   .         Stasis   .     B - +1 pair of boots
MR     .....                    o - amulet of warding
Stlth  +++.......               (no ring)
                                h - +3 ring of dexterity

@: not resistant to hostile enchantments, fairly stealthy
A: change form in water, swift swim, deformed body, frail 1, no device heal 1
a: Evolution, Sunlight, Growth, Renounce Religion


You were on level 1 of the Abyss.
You worshipped Fedhas.
Fedhas was most pleased with you.
You were hungry.

You visited 3 branches of the dungeon, and saw 12 of its levels.
You visited the Abyss 1 time.
You also visited: Sewer.

You collected 728 gold pieces.
You spent 192 gold pieces at shops.

Inventory:

Hand weapons
 b - a +0 blowgun
 d - a +1 vampiric halberd (weapon)
 U - a +1 spear
Missiles
 m - a throwing net
 n - 15 tomahawks
 t - 331 stones
 u - 6 poisoned needles
 G - 3 javelins
 S - 8 poisoned javelins (quivered)
Armour
 c - a +0 helmet (worn)
 l - a +0 chain mail of cold resistance
 B - a +1 pair of boots (worn)
 W - a +1 pair of gloves (worn)
 Y - a +0 ring mail (worn)
Jewellery
 h - a +3 ring of dexterity (left hand)
 o - an amulet of warding (around neck)
 T - an uncursed amulet of stasis {unknown}
Magical devices
 k - a wand of enslavement (13)
 J - a wand of enslavement (14)
 O - a wand of enslavement (6)
 P - a wand of digging (6)
 X - a wand of lightning (3)
Scrolls
 a - a scroll of random uselessness {unknown}
 f - 2 scrolls of remove curse
 p - a scroll of recharging
 w - 2 scrolls of vulnerability
 y - 2 scrolls of fear
 N - 3 scrolls of identify
 V - a scroll of holy word {unknown}
Potions
 g - a potion of lignification {unknown}
 q - 2 potions of ambrosia
 r - a potion of beneficial mutation
 s - 4 potions of berserk rage
 v - a potion of agility
 x - a potion of brilliance {unknown}
 z - 2 potions of might
 A - a potion of haste {unknown}
 E - a potion of flight {unknown}
 H - a potion of resistance {unknown}
 M - 2 potions of invisibility {unknown}
 R - a potion of magic {unknown}
Books
 D - a book of Party Tricks

   Spells                             Type                      Level
   a - Summon Butterflies             Summoning                    1
   b - Apportation                    Translocation                1
   c - Tukima's Dance                 Hexes                        3
   d - Alistair's Intoxication        Transmutation/Poison         4
   e - Invisibility                   Hexes                        6
 I - a Young Poisoner's Handbook

   Spells                             Type                      Level
   a - Sting                          Conjuration/Poison           1
   b - Cure Poison                    Poison                       2
   c - Mephitic Cloud                 Conjuration/Poison/Air       3
   d - Olgreb's Toxic Radiance        Poison                       4
   e - Venom Bolt                     Conjuration/Poison           5
 K - a book of Burglary

   Spells                             Type                      Level
   a - Swiftness                      Charms/Air                   2
   b - Passwall                       Transmutation/Earth          3
   c - Passage of Golubria            Translocation                4
   d - Lee's Rapid Deconstruction     Earth                        5
   e - Invisibility                   Hexes                        6
   f - Darkness                       Hexes                        7
 L - a book of Alchemy

   Spells                             Type                      Level
   a - Sublimation of Blood           Necromancy                   2
   b - Ignite Poison                  Fire/Transmutation/Poison    3
   c - Alistair's Intoxication        Transmutation/Poison         4
   d - Condensation Shield            Ice                          4
   e - Petrify                        Transmutation/Earth          4
   f - Irradiate                      Conjuration/Transmutation    5
Miscellaneous
 j - a phial of floods
Comestibles
 e - 6 bread rations
 i - 12 fruits
 C - 4 slices of pizza
 Q - 2 meat rations


   Skills:
 - Level 10.0 Fighting
 - Level 14.6 Polearms
 - Level 2.0 Throwing
 - Level 12.3 Dodging
 - Level 7.5 Stealth
 * Level 4.6 Invocations


You had 10 spell levels left.
You didn't know any spells.

Dungeon Overview and Level Annotations

Branches:
Dungeon (10/15)            Temple (1/1) D:6            Lair (1/8) D:10
    Orc (0/4) D:9

Altars:
Ashenzari
Cheibriados
Dithmenos
Elyvilon
Fedhas
Gozag
Kikubaaqudgha
Makhleb
Nemelex Xobeh
Okawaru
Qazlal
Sif Muna
Trog
Vehumet
Xom
Yredelemnul
Zin
The Shining One

Shops:
D:5 *   D:8 (

Annotations:
D:6 exclusion: downstairs, Sigmund
D:7 patman's ghost, experienced OpIE
Lair:1 Sonja


Innate Abilities, Weirdness & Mutations

You revert to your normal form in water.
You are very nimble and swift while swimming.
Armour fits poorly on your strangely shaped body.
[You are frail (-10% HP).]
[Potions and wands are less effective at restoring your health.]


Message History

The wretched star is severely damaged.
You hit the wretched star but do no damage.
The wretched star is severely damaged.
You slash the wretched star!
The wretched star is severely damaged.
You hit the wretched star but do no damage.
The wretched star is severely damaged.
The wretched star glows turbulently.
The orb of energy misses you.
The orb of energy explodes!
You hit the wretched star but do no damage.
The wretched star is severely damaged.
You hit the wretched star but do no damage.
The wretched star is severely damaged.
You are feeling hungry.
You closely miss the wretched star.
The wretched star is severely damaged.
The wretched star glows turbulently.
The orb of energy hits you!
You die...
Fedhas appreciates your contribution to the ecosystem.

. ... .# . . .
. ## # .#### #
## .. #. #..
#.###.# ## . .
. #.# . # .##..
. #.. *..# #
#.#..##.# #.##.
##.#.#.####.*##
.
##..####...#@#
#. ## .
##....#.....# #
# ##
#...####.#####
.#.#....#.# #.
. ##..##. ..##
## #####..##
####### # .. .


You could see a wretched star.

Vanquished Creatures
  A queen ant (D:9)
  Joseph (D:8)
  2 komodo dragons (Lair:1)
  A smoke demon (Abyss:1)
  2 trolls
  5 yaks
  A hog (D:7)
  2 hippogriffs
  A human (D:7)
  A steam dragon (D:8)
  A wolf (D:10)
  A hungry ghost (D:7)
  6 soldier ants (D:9)
  2 water moccasins
  An orc warrior (Temple)
  3 porcupines (Lair:1)
  2 ice beasts
  A phantom (D:8)
  An eye of draining (D:9)
  2 wasps
  6 centaurs
  2 ogres
  A sky beast (D:10)
  2 crocodiles
  12 giant frogs
  A big kobold (D:4)
  A wyvern skeleton (D:8)
  6 scorpions
  10 killer bees
  A quasit (D:8)
  6 crimson imps
  4 orc priests
  4 centaur skeletons
  A giant frog skeleton (D:5)
  A centaur zombie (D:6)
  4 jellies
  6 orc wizards
  22 worker ants
  Jessica (D:3)
  2 iguanas
  3 sheep (D:7)
  A hound zombie (D:5)
  2 hound skeletons
  4 gnolls (D:2)
  11 adders
  2 river rats (D:10)
  2 shadow imps (D:8)
  2 oozes
  3 worms
  An adder skeleton (D:9)
  5 giant geckos
  28 orcs
  24 bats
  A bat skeleton (D:4)
  2 bat zombies
  5 giant cockroaches
  15 hobgoblins
  17 jackals
  16 kobolds
  5 quokkas
  3 ball pythons
  A giant gecko skeleton (D:6)
  8 giant newts
  14 goblins
  A quokka skeleton (D:9)
  13 rats
319 creatures vanquished.

Vanquished Creatures (collateral kills)
  A hill giant (D:10)
  A deep elf mage (D:10)
  A yak (D:9)
  Grum (D:10)
  A hippogriff (D:8)
  A wolf (D:10)
  A soldier ant (D:9)
  A hungry ghost (D:10)
  A porcupine (Lair:1)
  2 orc warriors
  An ice beast (D:9)
  A killer bee (D:9)
  A jelly (D:8)
  2 crimson imps (D:8)
  3 orc wizards
  3 worker ants (D:9)
  7 orcs
  A bat zombie (D:7)
30 creatures vanquished.

Vanquished Creatures (others)
  A water moccasin (D:10)
  A sky beast (D:7)
  14 wandering mushrooms
  A giant frog zombie (D:7)
  2 worker ant zombies
  3 orcs (D:7)
  A hobgoblin (D:7)
  A fungus (Lair:1)
  173 toadstools
197 creatures vanquished.

Grand Total: 546 creatures vanquished

Notes
Turn   | Place    | Note
--------------------------------------------------------------
     0 | D:1      | amnekian the Merfolk Gladiator began the quest for the Orb.
     0 | D:1      | Reached XP level 1. HP: 16/16 MP: 1/1
   328 | D:1      | Reached skill level 5 in Polearms
   330 | D:1      | Reached XP level 2. HP: 22/22 MP: 2/2
   937 | D:2      | Reached XP level 3. HP: 27/27 MP: 3/3
   960 | D:2      | Reached skill level 6 in Polearms
  1289 | D:2      | Found a snail-covered altar of Cheibriados.
  1320 | D:2      | Reached skill level 7 in Polearms
  1320 | D:2      | Reached XP level 4. HP: 9/33 MP: 4/4
  1562 | D:2      | Found a sparkling altar of Nemelex Xobeh.
  2044 | D:2      | Reached skill level 8 in Polearms
  2044 | D:2      | Reached XP level 5. HP: 26/38 MP: 5/5
  2648 | D:3      | Noticed Jessica
  2668 | D:3      | Killed Jessica
  2995 | D:3      | Reached skill level 9 in Polearms
  3022 | D:3      | Noticed a centaur
  3030 | D:3      | Killed a centaur
  3030 | D:3      | Reached XP level 6. HP: 9/44 MP: 6/6
  3754 | D:4      | Reached skill level 10 in Polearms
  4193 | D:4      | Found a burning altar of Makhleb.
  4354 | D:4      | Noticed a cacodemon
  4355 | D:4      | Found a glowing silver altar of Zin.
  4356 | D:4      | Noticed an angel
  4649 | D:4      | Found a white marble altar of Elyvilon.
  4672 | D:4      | Reached XP level 7. HP: 50/50 MP: 7/7
  5028 | D:5      | Entered Level 5 of the Dungeon
  5080 | D:5      | Reached skill level 5 in Dodging
  6044 | D:5      | Found a deep blue altar of Sif Muna.
  6066 | D:5      | Found Fifuyk's Assorted Antiques.
  6074 | D:5      | Bought 2 scrolls labeled OVAHE YQ SYZA for 52 gold pieces
  6074 | D:5      | Bought a glowing emerald potion for 23 gold pieces
  6074 | D:5      | Bought a scroll labeled OVAHE YQ SYZA for 26 gold pieces
  6074 | D:5      | Bought a scroll of fear for 91 gold pieces
  6336 | D:6      | Found a glowing drain.
  6344 | Sewer    | Entered a sewer
  6426 | Sewer    | Reached XP level 8. HP: 56/56 MP: 8/8
  6572 | D:6      | Found a staircase to the Ecumenical Temple.
  6584 | Temple   | Entered the Ecumenical Temple
  6594 | Temple   | Became a worshipper of Fedhas Madash
  6696 | D:6      | Noticed Sigmund
  7163 | D:6      | Reached skill level 10 in Dodging
  7170 | D:6      | Acquired Fedhas's first power
  7246 | D:7      | Reached skill level 11 in Dodging
  7414 | D:7      | Noticed patman's ghost (experienced OpIE)
  7636 | D:7      | Reached XP level 9. HP: 55/61 MP: 9/9
  7719 | D:7      | Reached skill level 12 in Dodging
  7745 | D:7      | Found a shimmering altar of Xom.
  7747 | D:7      | Found a bloodstained altar of Trog.
  7749 | D:7      | Found an iron altar of Okawaru.
  7749 | D:7      | Found a shadowy altar of Dithmenos.
  7751 | D:7      | Found an ancient bone altar of Kikubaaqudgha.
  7752 | D:7      | Found an opulent altar of Gozag.
  8355 | D:7      | Found a radiant altar of Vehumet.
  8480 | Temple   | Reached skill level 5 in Fighting
  8672 | D:7      | Got a crude wooden ring
  8712 | D:7      | Acquired Fedhas's second power
  8805 | D:8      | Noticed Joseph
  8992 | D:8      | Found Xavex's Antique Weapon Boutique.
  9377 | D:8      | Reached XP level 10. HP: 51/82 MP: 10/10
 10023 | D:9      | Found a staircase to the Orcish Mines.
 10407 | D:9      | Reached skill level 10 in Fighting
 10609 | D:9      | Reached skill level 1 in Stealth
 11522 | D:9      | Reached skill level 5 in Stealth
 11576 | D:9      | Identified the ring "Ecviol" {*Contam rPois rF+ Str+6 Int-5} (You took it off an orc wizard on level 7 of the Dungeon)
 11582 | D:9      | Noticed a queen ant
 11590 | D:9      | Gained mutation: Armour fits poorly on your strangely shaped body. [mutagenic glow]
 11595 | D:9      | Killed a queen ant
 11698 | D:9      | Reached XP level 11. HP: 75/90 MP: 11/11
 11937 | D:9      | Reached skill level 13 in Polearms
 13528 | D:8      | Killed Joseph
 13582 | D:10     | Entered Level 10 of the Dungeon
 14211 | D:10     | Noticed Grum
 14249 | D:10     | Killed Grum
 14249 | D:10     | Reached skill level 14 in Polearms
 14366 | D:10     | Noticed a hill giant
 14403 | D:10     | Killed a hill giant
 14438 | D:10     | Found a staircase to the Lair.
 14448 | D:10     | Acquired Fedhas's third power
 14486 | Lair:1   | Entered Level 1 of the Lair of Beasts
 14740 | Lair:1   | Reached skill level 1 in Invocations
 14800 | Lair:1   | Noticed Sonja
 15019 | Lair:1   | Cast into the Abyss (Sonja)
 15059 | Abyss:1  | Noticed a wretched star
 15118 | Abyss:1  | Killed from afar by a wretched star

Vault maps used:
D:1:      dpeg_arrival_boxes_within_box, serial_bayou_lake_a
D:2:      lemuel_crystal_altar, lemuel_coloured_pillars_altar, first_bread,
          kennysheep_small_spiral
D:3:      interstate_on_off, uniq_jessica
D:4:      grunt_temple_overflow_order_and_chaos_2, elyvilon_altar_3,
          kennysheep_generic_room_13
D:5:      kennysheep_little_box, serial_glass, glass_columns_a, glass_columns_a,
          glass_columns_b, glass_columns_a, glass_columns_b, glass_columns_a,
          glass_columns_c, glass_columns_a, serial_shops, shop
D:6:      minmay_temple_entry_large_hall, lightli_sewer_entry_pipes,
          uniq_sigmund
D:7:      fiery_altar_vehumet, grunt_temple_overflow_open, grunt_livestock
D:8:      serial_shops, shop_statue, uniq_joseph
D:9:      hiddenorc1_lemuel, minmay_another_anthill
D:10:     dpeg_lair_monsters, minmay_librarian, uniq_grum
Temple:   circular_temple_6
Lair:1:   beast_lair_carwin_2, uniq_sonja
Sewer:    sewer_big_baddie

Action                   |  1- 3 |  4- 6 |  7- 9 | 10-12 || total
-------------------------+-------+-------+-------+-------++-------
Melee: Trident           |   138 |   110 |   477 |   429 ||  1154
       Halberd           |       |   115 |       |   149 ||   264
       Spear             |       |       |       |     3 ||     3
 Fire: Blowgun           |       |       |    33 |    44 ||    77
Throw: Throwing net      |     3 |     4 |       |       ||     7
       Stone             |       |     3 |    14 |    12 ||    29
Invok: Evolution         |       |       |     2 |    13 ||    15
Evoke: Wand              |       |       |       |     4 ||     4
  Use: Potion            |       |     1 |     1 |     1 ||     3
       Scroll            |       |     6 |     5 |    11 ||    22
 Stab: Sleeping          |     1 |       |     3 |    11 ||    15
       Held in net/web   |       |     3 |       |       ||     3
       Distracted        |       |       |     1 |     4 ||     5
       Confused          |       |       |       |    11 ||    11
  Eat: Chunk             |     1 |     7 |     4 |    12 ||    24
       Bread ration      |       |     1 |     2 |       ||     3
       Beef jerky        |       |       |     1 |     1 ||     2
       Pizza             |       |       |       |     3 ||     3
       Meat ration       |       |       |       |     1 ||     1
